 Dungeon Crawl Stone Soup version 0.29-a0-1016-g236c7fd91e (webtiles) character file.

Game seed: 4625883236624730231

330 Sabo the Gusty (level 6, 0/48 HPs)
             Began as a Tengu Air Elementalist on Aug 9, 2022.
             Was a Believer of Nemelex Xobeh.
             Slain by an orc
             ... wielding a +0 dagger
              (2 damage)
             ... on level 4 of the Dungeon.
             The game lasted 00:31:39 (5788 turns).

Sabo the Gusty (Tengu Air Elementalist)             Turns: 5788, Time: 00:31:39

Health: 0/48       AC: 23    Str: 13    XL:     6   Next: 51%
Magic:  12/12      EV:  2    Int: 21    God:    Nemelex Xobeh [**....]
Gold:   130        SH:  0    Dex: 23    Spells: 7/12 levels left

rFire   . . .      SeeInvis .   s - +7 mace of Strategic Superiority {vamp, Str+2 Dex+3 Stlth+}
rCold   . . .      Faith    .   (no shield)
rNeg    . . .      Spirit   .   (body armour currently unavailable)
rPois   +          Reflect  .   (helmet currently unavailable)
rElec   +          Harm     .   (cloak currently unavailable)
rCorr   +          Rampage  .   (gloves currently unavailable)
Will    .....      NoTele   +   (boots unavailable)
Stlth   ++........              a - amulet of magic regeneration
HPRegen 0.16/turn               f - +6 ring of dexterity
MPRegen 0.53/turn               d - ring of the Shifting Jester {rElec rCorr Str+3 Int+3}

@: confused, tree-form
A: stationary, stasis, torment immunity, boosted hp, (beak), (talons 3), nimble
flight
a: Renounce Religion, Draw Escape, Draw Destruction, Draw Summoning


You were on level 4 of the Dungeon.
You worshipped Nemelex Xobeh.
Nemelex Xobeh was pleased with you.
You were a tree.
You visited 1 branch of the dungeon, and saw 4 of its levels.
You also visited: Sewer.

You collected 130 gold pieces.

Inventory:

Hand Weapons
 r - a +0 sling
 s - the +7 mace of Strategic Superiority (weapon) {vamp, Str+2 Dex+3 Stlth+}
   (You found it on level 3 of the Dungeon)

   It occasionally heals its wielder for a portion of the damage dealt when it
   wounds a living foe.
   Str:       It affects your strength (+2).
   Dex:       It affects your dexterity (+3).
   Stlth:     It makes you more stealthy.
Missiles
 q - 7 poisoned darts
 z - 5 atropa-tipped darts
 A - 2 boomerangs
Armour
 x - the +1 robe of Space (melded) {Fly rN+ Int+3}
   (You found it on level 3 of the Dungeon)

   Int:       It affects your intelligence (+3).
   rN:        It protects you from negative energy.
   Fly:       It grants you flight.
Magical Staves
 i - a staff of air
Jewellery
 a - an amulet of magic regeneration (around neck)
 d - the ring of the Shifting Jester (right branch) {rElec rCorr Str+3 Int+3}
   (You acquired it on level 2 of the Dungeon)

   [ring of resist corrosion]

   Str:       It affects your strength (+3).
   Int:       It affects your intelligence (+3).
   rElec:     It insulates you from electricity.
   rCorr:     It protects you from acid and corrosion.
 f - a +6 ring of dexterity (left branch)
 y - a ring of ice
Scrolls
 e - a scroll of identify
 g - 2 scrolls of amnesia
 h - a scroll of butterflies
 j - 3 scrolls of teleportation
 w - a scroll of fear
Potions
 b - a potion of magic
 c - a potion of lignification
 k - 2 potions of haste {unknown}
 l - 2 potions of ambrosia {unknown}
 m - 3 potions of curing {unknown}
 n - 3 potions of resistance {unknown}
 o - 6 potions of might
 p - 3 potions of heal wounds {unknown}
 t - a potion of mutation {unknown}
 v - a potion of cancellation {unknown}


   Skills:
 + Level 0.3(0.4) Maces & Flails
 + Level 0.2(0.3) Staves
 + Level 2.7 Dodging
 + Level 3.0 Stealth
 + Level 3.6 Spellcasting
 + Level 3.8 Conjurations
 + Level 6.1 Air Magic


You had 7 spell levels left.
You knew the following spells:

 Your Spells              Type           Power      Damage    Failure   Level
a - Shock                 Conj/Air       96%        1d9       1%          1
b - Airstrike             Air            14%        2d(3-19)  10%         4

Your spell library contained the following spells:

 Spells                   Type           Power      Damage    Failure   Level
 Static Discharge         Conj/Air       24%        3-6/arc   2%          2
 Swiftness                Air            29%        N/A       3%          3
 Foxfire                  Conj/Fire      44%        2x1d6     5%          1
 Conjure Flame            Conj/Fire      11%        6-21      17%         3
 Inner Flame              Hex/Fire       3%         N/A       36%         3
 Flame Wave               Conj/Fire      11%        2d6       50%         4


Dungeon Overview and Level Annotations

Branches:
Dungeon (4/15)              Sewer (visited)
 Temple: D:4-7

Altars:
Nemelex Xobeh
Qazlal

Shops:
D:2 :


Innate Abilities, Weirdness & Mutations

You are a tree.
Your roots penetrate the ground, keeping you stationary.
You cannot be teleported.
You are immune to unholy pain and torment.
Your maximum health is greatly increased.
Your equipment is partially melded.
((You have a beak for a mouth.))
((You have claws for feet.))
Your magical nature lets you fly swiftly and evasively.


Message History

There are monsters nearby!
There are monsters nearby!
You cannot move. (Use ctrl+direction or * direction to attack while stationary and confused.)
You cannot move. (Use ctrl+direction or * direction to attack while stationary and confused.)
You cannot move. (Use ctrl+direction or * direction to attack while stationary and confused.)
There are no items here.
You're too confused to cast spells.
You are too confused!
Okay, then.
Okay, then.
You cannot move. (Use ctrl+direction or * direction to attack while stationary and confused.)
You cannot move. (Use ctrl+direction or * direction to attack while stationary and confused.)
What are your orders? t - Creak!
Anything else - Cancel.
You creak for attention!
Your adder bites the orc priest.
The orc priest dies!
The orc hits you but does no damage.
The orc wizard hits you but does no damage.
The iguana bites you but does no damage.
The hobgoblin hits your gnoll.
Your gnoll hits the iguana with a +0 club.
Your gnoll closely misses the orc.
Your gnoll barely misses the hobgoblin.
What are your orders? t - Creak!
Anything else - Cancel.
You creak for attention!
Your adder barely misses the iguana.
The orc hits you but does no damage.
The orc wizard hits you but does no damage.
The iguana closely misses your gnoll. The hobgoblin hits your gnoll.
Your adder closely misses the iguana.
Your gnoll hits the hobgoblin with a +0 flail!
The hobgoblin dies!
Your gnoll closely misses the orc.
Your gnoll hits the iguana with a +0 club.
What are your orders? t - Creak!
Anything else - Cancel.
You creak for attention!
The orc hits you with a +0 dagger.
You die...
Your body glows slightly and disappears.

. ♣♣♣♣ . #♣♣..♣ #. .###.
♣.♣♣.♣ #. .)...##########
♣....♣♣ #. ♣.).....).#
♣♣...PP #. ♣..)[.g.gS##
♣♣♣.♣♣ #. ♣♣P....gol.####
♣.♣P♣###. ♣♣P.....o♣....#
♣..♣#....
♣♣P..######....####.###....
♣.P............)....###....
♣....##############†.....<.
♣♣...# #####.... ♣PP..#
#.... P♣P.## #.... P##
#.... P# #....


You could see an iguana (distracted, ally target), an orc wizard, an orc (ally
target), 3 friendly gnolls and a friendly adder (summoned).

Vanquished Creatures
  A kobold brigand (Sewer)
  2 orc wizards
  An iguana (D:2)
  3 adders
  4 worms
  A dart slug (D:3)
  6 orcs
  8 ball pythons
  4 bats
  11 endoplasms
  3 giant cockroaches
  12 goblins
  7 hobgoblins
  4 jackals (D:2)
  13 kobolds
  7 quokkas
  5 frilled lizards
  6 rats
98 creatures vanquished.

Vanquished Creatures (collateral kills)
  An orc priest (D:4)
  A hobgoblin (D:4)
2 creatures vanquished.

Vanquished Creatures (others)
  3 plants (D:4)
3 creatures vanquished.

Grand Total: 103 creatures vanquished

Notes
Turn   | Place    | Note
-------+----------+-------------------------------------------
     0 | D:1      | Sabo the Tengu Air Elementalist began the quest for the
                  | Orb.
     0 | D:1      | Reached XP level 1. HP: 10/10 MP: 4/4
   254 | D:1      | Found a faded altar of an unknown god.
   256 | D:1      | Prayed at the altar of an unknown god.
   256 | D:1      | Became a worshipper of Nemelex Xobeh the Trickster
   256 | D:1      | Reached * piety under Nemelex Xobeh
   330 | D:1      | Reached XP level 2. HP: 15/15 MP: 4/6
   410 | D:1      | Received a gift from Nemelex Xobeh
   949 | D:1      | Reached XP level 3. HP: 18/19 MP: 0/7
  1304 | D:1      | Identified a scroll of acquirement
  1733 | D:2      | Found Feock's Book Emporium.
  1742 | D:2      | Reached skill level 5 in Air Magic
  1742 | D:2      | Reached XP level 4. HP: 8/24 MP: 2/8
  1952 | D:2      | Acquired the ring of the Shifting Jester {rElec rCorr Str+3
                  | Int+3}
  2574 | D:2      | Reached ** piety under Nemelex Xobeh
  2938 | D:2      | Received a gift from Nemelex Xobeh
  2985 | D:3      | Identified the +7 mace of Strategic Superiority {vamp,
                  | Str+2 Dex+3 Stlth+}
  3072 | D:3      | Gained mutation: Your magical nature lets you fly swiftly
                  | and evasively. [Tengu growth]
  3072 | D:3      | Reached XP level 5. HP: 21/28 MP: 1/10
  3201 | D:3      | Found a glowing drain.
  3303 | Sewer    | Entered a sewer
  4402 | Sewer    | Noticed a kobold brigand
  4419 | Sewer    | Killed a kobold brigand
  4420 | Sewer    | Reached XP level 6. HP: 24/32 MP: 1/12
  4847 | D:3      | Identified the +1 robe of Space {Fly rN+ Int+3}
  5472 | D:3      | Learned a level 4 spell: Airstrike
  5612 | D:4      | Found a stormy altar of Qazlal.
  5618 | D:4      | Reached skill level 6 in Air Magic
  5781 | D:4      | HP: 1/32 [iguana (11)]
  5788 | D:4      | Slain by an orc

Illustrated notes

Levels and vault maps discovered:
D:1:      lemuel_arrival_cross, layout_rooms, chequers_ecumenical_altar_twisty
D:2:      minmay_alternating_diamond, layout_rooms, serial_shops, shop
D:3:      minmay_wonky_spiral, layout_loops_ring, gup_sewer_entry_pipe
D:4:      gammafunk_steamed_eel, layout_rooms, nicolae_qazlal_scattered_showers,
          mainiacjoe_overflow_boulevard, serial_forest,
          infiniplex_forest_lined_2, infiniplex_forest_straight_5,
          infiniplex_forest_3_way, infiniplex_forest_clump_long,
          infiniplex_forest_clump_long, infiniplex_forest_straight_2,
          infiniplex_forest_clump_long, infiniplex_forest_clump_cross,
          infiniplex_forest_end_1, infiniplex_forest_end_2

Skill      XL: |  1  2  3  4  5  6 |
---------------+-------------------+-----
Conjurations   | 2 3 |  3.8
Air Magic      | 5 6 |  6.1
Spellcasting   | 3 |  3.6
Stealth        | 3 |  3.0
Maces & Flails | |  0.3
Staves         | |  0.2
Dodging        | |  2.7

Action                   |  1- 3 |  4- 6 || total
-------------------------+-------+-------++-------
Melee: Dagger            |     6 |       ||     6
       Kick              |     4 |     5 ||     9
       Peck              |     4 |     3 ||     7
       Club              |     2 |       ||     2
       Staff             |     3 |     2 ||     5
       Mace              |       |    10 ||    10
 Cast: Shock             |    48 |   119 ||   167
  Use: Scroll            |     4 |     5 ||     9
       Potion            |       |     1 ||     1
 Stab: Sleeping          |       |     1 ||     1
Armor: Robe              |     1 |     2 ||     3
       Skin              |       |     8 ||     8
Dodge: Dodged            |    13 |    23 ||    36

Table legend: (Time is in decaauts)
 A = Elapsed time spent in this place.
 B = Non-inter-level travel time spent in this place.
 C = Inter-level travel time spent in this place.
 D = Time resting spent in this place.
 E = Time spent auto-exploring this place.
 F = Levels seen in this place.
 G = Mean time per level.
                   A        B        C        D        E       F      G
               +--------+--------+--------+--------+--------+-----+--------+
         Total |   5680 |   5680 |      0 |   3057 |      0 |   5 | 1136.0 |
       Dungeon |   4478 |   4478 |      0 |   2123 |      0 |   4 | 1119.5 |
         Sewer |   1201 |   1201 |      0 |    934 |      0 |   1 | 1201.0 |
               +--------+--------+--------+--------+--------+-----+--------+

Top non-repeatable levels by time:
     D:2: 1665 daAuts
     D:3: 1338 daAuts
     D:1: 1308 daAuts
   Sewer: 1201 daAuts
     D:4: 166 daAuts
